 Dungeon Crawl Stone Soup version 0.22-b1-26-g9dbaab1 (webtiles) character file.

4129 Gergoth the Thaumaturge (level 10, -1/50 HPs)
             Began as a Deep Elf Fire Elementalist on Aug 7, 2018.
             Was a Priest of Sif Muna.
             Succumbed to Erica's bolt of poison
             ... on level 8 of the Dungeon on Aug 8, 2018.
             The game lasted 00:26:17 (10655 turns).

Gergoth the Thaumaturge (DEFE)                     Turns: 10655, Time: 00:26:18

Health: -1/50      AC:  8    Str:  8    XL:     10   Next: 6%
Magic:  1/28       EV: 13    Int: 21    God:    Sif Muna [***...]
Gold:   340        SH:  0    Dex: 15    Spells: 16/34 levels left

rFire    + . .     SeeInvis .   a - +3 quarterstaff (chaos)
rCold    + . .     Gourm    +   (shield currently unavailable)
rNeg     + . .     Faith    .   x - +2 robe {rC+ rF+}
rPois    .         Spirit   .   w - +1 helmet
rElec    .         Reflect  .   k - +0 cloak
rCorr    .         Harm     .   (no gloves)
MR       +....                  b - +0 pair of boots
Stlth    ++........             s - amulet of the gourmand
HPRegen  0.16/turn              y - ring of positive energy
MPRegen  0.21/turn              (no ring)

@: lethally poisoned (-1 -> -13), divine energy
A: no striking features
a: Stop Divine Energy, Channel Magic, Renounce Religion


You were on level 8 of the Dungeon.
You worshipped Sif Muna.
Sif Muna was most pleased with you.
You were not hungry.

You visited 2 branches of the dungeon, and saw 9 of its levels.
You also visited: Ossuary.

You collected 340 gold pieces.

Inventory:

Hand Weapons
 a - a +3 quarterstaff of chaos (weapon)
Missiles
 f - 3 throwing nets (quivered)
Armour
 b - a +0 pair of boots (worn)
 k - a +0 cloak (worn)
 r - a +0 buckler
 w - a +1 helmet (worn)
 x - a +2 robe of resistance (worn)
Jewellery
 s - an amulet of the gourmand (around neck)
 y - a ring of positive energy (left hand)
 I - an uncursed amulet of magic regeneration {unknown}
Wands
 o - a wand of clouds (4)
 v - a wand of scattershot (3)
Scrolls
 d - a scroll of identify
 e - a scroll of blinking
 g - 5 scrolls of remove curse
 h - a scroll of magic mapping
 m - 2 scrolls of enchant weapon {unknown}
 n - 3 scrolls of teleportation
 p - a scroll of fog {unknown}
 q - a scroll of enchant armour {unknown}
 z - a scroll of random uselessness {unknown}
 A - a scroll of immolation {unknown}
 C - a scroll of acquirement {unknown}
 H - a scroll of noise {unknown}
 J - a scroll of amnesia {unknown}
Potions
 i - 6 potions of curing
 j - a potion of invisibility {unknown}
 l - a potion of lignification {unknown}
 t - 2 potions of might {unknown}
 u - a potion of mutation {unknown}
 B - a potion of haste {unknown}
 D - a potion of heal wounds {unknown}
 E - a potion of flight {unknown}
 F - 2 potions of resistance {unknown}
 G - a potion of ambrosia {unknown}
Comestibles
 c - 14 rations


   Skills:
 - Level 2.4 Dodging
 - Level 2.4 Stealth
 + Level 12.6 Spellcasting
 - Level 6.1 Conjurations
 - Level 6.0 Hexes
 - Level 6.0 Transmutations
 - Level 7.0 Fire Magic


You had 16 spell levels left.
You knew the following spells:

 Your Spells              Type           Power        Failure   Level  Hunger
a - Flame Tongue          Conj/Fire      #####        1%          1    None
b - Conjure Flame         Conj/Fire      #####...     1%          3    None
c - Sticky Flame          Conj/Fire      #####...     3%          4    None
d - Fireball              Conj/Fire      #####.....   9%          5    ####...
e - Yara's Violent Unrav  Hex/Tmut       #####.....   12%         5    ####...

Your spell library contained the following spells:

 Spells                   Type           Power        Failure   Level  Hunger
 Confuse                  Hex            #####...     1%          3    None
 Throw Flame              Conj/Fire      #####.       1%          2    None
 Confusing Touch          Hex            #####.       1%          1    None
 Metabolic Englaciation   Hex/Ice        ####......   36%         5    ####...
 Petrify                  Tmut/Erth      ####....     14%         4    None
 Inner Flame              Hex/Fire       #####...     1%          3    None
 Gell's Gravitas          Tloc           ##........   14%         3    None


Dungeon Overview and Level Annotations

Branches:
Dungeon (8/15)             Temple (1/1) D:6
   Lair: D:8-11

Altars:
Ashenzari
Cheibriados
Dithmenos
Elyvilon
Fedhas
Gozag
Hepliaklqana
Kikubaaqudgha
Makhleb
Nemelex Xobeh
Okawaru
Qazlal
Ru
Sif Muna
Trog
Uskayaw
Vehumet
Wu Jian
Xom
Yredelemnul
Zin
The Shining One

Shops:
D:4 :   D:8 [

Annotations:
D:3 2 runed doors, Lew's ghost, weakling SpAs
D:7 2 transporters, Ymberto's ghost, novice NaTm
D:8 Harold


Message History

Erica gestures at you while chanting. The orb of energy hits you!
Erica burns!
Erica burns!
Erica gestures at you while chanting. The bolt of poison hits you!
You are poisoned.
* * * LOW HITPOINT WARNING * * *
Evoke which item? (* to show all) (? for menu, Esc to quit)
Aiming: Scattershot
Press: ? - help, Shift-Dir - straight line, f - Erica
Aim: Erica, wielding a scimitar of flaming and wearing a robe (severely wounded, slightly transparent, covered in liquid flames)
The burst of metal fragments hits Erica. x3
You kill Erica!
Sif Muna accepts your kill.
Reactivating autopickup.
Your Spellcasting skill increases to level 12!
You have reached level 10!
You regain access to your magic.
You die...

* *,#.....# #.# #.#..#*.# *
#,#.....# #.# #.#..##.#####
*###.#.....#####.####.#..........
,s.........s....................,
,.............s................##
*#######'######.......#...#..#.#.
,,,,* #...# #..)....#...#..#.#.
,,,,* #...# #..................
,,,,* #...# ##.@.....##..#..#...
,,,,* #...# #...............#...
*#######.#####.#.####.##<.#.##...
.................................
.##.####.####..#.####.##..#..#...
.#.....#.....................#...
.#.....#.####..#.####.##..##.#...
.......#.# #..#.####.##..##.#...
.......#.# #....................


You could see a giant cockroach.

Vanquished Creatures
  Erica (D:8)
  An unseen horror (D:6)
  Prince Ribbit (D:6)
  Sigmund (D:4)
  A hungry ghost (D:7)
  A hornet zombie (D:8)
  An ice beast (D:7)
  2 orc warriors
  2 centaurs (D:8)
  2 ogres
  A wyvern zombie (D:8)
  5 bullfrogs (D:6)
  A scorpion (D:6)
  4 crimson imps
  A centaur zombie (D:6)
  2 hounds
  Crazy Yiuf (D:3)
  4 orc priests
  Natasha (D:3)
  11 orc wizards
  An iguana (D:8)
  5 worker ants
  5 big kobold zombies (Ossuary)
  A hound zombie (D:7)
  A mummy (Ossuary)
  Robin (D:3)
  6 adders
  10 gnolls
  A shadow imp (D:6)
  4 oozes
  3 worms (D:3)
  2 dart slugs (D:3)
  3 leopard geckos
  18 orcs
  4 spectral bats (Ossuary)
  4 bats
  7 giant cockroaches
  22 goblins
  15 hobgoblins
  8 jackals (D:1)
  3 kobolds
  6 quokkas
  4 ball pythons
  A ball python skeleton (D:4)
  6 bat simulacra (Ossuary)
  5 frilled lizards
  6 gnoll zombies (Ossuary)
  4 goblin simulacra (Ossuary)
  5 goblin zombies (Ossuary)
  4 hobgoblin zombies (Ossuary)
  5 kobold simulacra (Ossuary)
  6 kobold zombies (Ossuary)
  2 orc zombies (Ossuary)
  6 rats
  A rat simulacrum (Ossuary)
  2 spectral goblins (Ossuary)
  A spectral kobold (Ossuary)
  6 spectral rats (Ossuary)
238 creatures vanquished.

Vanquished Creatures (others)
  A big kobold zombie (Ossuary)
  A kobold zombie (Ossuary)
2 creatures vanquished.

Grand Total: 240 creatures vanquished

Notes
Turn   | Place    | Note
-------+----------+-------------------------------------------
     0 | D:1      | Gergoth the Deep Elf Fire Elementalist began the quest for the Orb.
     0 | D:1      | Reached XP level 1. HP: 10/10 MP: 6/6
   260 | D:1      | Reached XP level 2. HP: 15/15 MP: 5/8
   846 | D:1      | Reached XP level 3. HP: 19/19 MP: 8/10
  1362 | D:2      | Reached skill level 4 in Spellcasting
  1522 | D:2      | Reached XP level 4. HP: 19/24 MP: 1/12
  1663 | D:2      | Found a bloodstained altar of Trog.
  2242 | D:3      | Learned a level 3 spell: Conjure Flame
  2245 | D:3      | Noticed Robin
  2584 | D:3      | Found an opulent altar of Gozag.
  2614 | D:3      | Found a runed door.
  2615 | D:3      | Noticed a bullfrog
  2617 | D:3      | Noticed Lew's ghost (weakling SpAs)
  2672 | D:3      | Found a runed door.
  2826 | D:3      | Reached XP level 5. HP: 28/28 MP: 1/14
  2940 | D:3      | Reached skill level 5 in Spellcasting
  3600 | D:3      | Killed Robin
  3667 | D:3      | Found a basalt altar of Yredelemnul.
  3784 | D:3      | Noticed Natasha
  3788 | D:3      | Killed Natasha
  3788 | D:3      | Reached skill level 5 in Fire Magic
  3788 | D:3      | Reached XP level 6. HP: 32/32 MP: 12/16
  3988 | D:3      | Found a runed door.
  4139 | D:3      | Noticed Crazy Yiuf
  4145 | D:3      | Killed Crazy Yiuf
  4382 | D:4      | Learned a level 4 spell: Sticky Flame
  4388 | D:4      | Learned a level 5 spell: Fireball
  4643 | D:4      | Found Guihacvy's Book Boutique.
  4664 | D:4      | Reached skill level 6 in Spellcasting
  5031 | D:4      | Noticed Sigmund
  5039 | D:4      | Killed Sigmund
  5039 | D:4      | Reached XP level 7. HP: 35/36 MP: 11/18
  5405 | D:5      | Entered Level 5 of the Dungeon
  5507 | D:5      | Reached skill level 5 in Conjurations
  5535 | D:5      | Found an ornate altar of the Wu Jian Council.
  5875 | D:5      | Reached skill level 7 in Spellcasting
  5963 | D:5      | Found an ancient bone altar of Kikubaaqudgha.
  6565 | D:6      | Reached XP level 8. HP: 22/41 MP: 3/21
  6671 | D:6      | Found a glowing golden altar of the Shining One.
  6699 | D:6      | Found a staircase to the Ecumenical Temple.
  6943 | Temple   | Entered the Ecumenical Temple
  6998 | Temple   | Became a worshipper of Sif Muna the Loreminder
  7019 | D:6      | Learned a level 5 spell: Yara's Violent Unravelling
  7026 | D:6      | Reached skill level 8 in Spellcasting
  7026 | D:6      | Reached skill level 1 in Hexes
  7030 | D:6      | Reached skill level 1 in Transmutations
  7102 | D:6      | Noticed Prince Ribbit
  7117 | D:6      | Killed Prince Ribbit
  7337 | D:6      | Noticed an unseen horror
  7341 | D:6      | Killed an unseen horror
  7341 | D:6      | Reached * piety under Sif Muna
  7341 | D:6      | Reached skill level 9 in Spellcasting
  7341 | D:6      | Reached XP level 9. HP: 23/45 MP: 13/24
  7940 | D:6      | Reached skill level 5 in Hexes
  8214 | D:7      | Found Jiuren's General Store.
  8266 | D:7      | Found a radiant altar of Vehumet.
  8268 | D:7      | Found a stormy altar of Qazlal.
  8268 | D:7      | Found a glowing silver altar of Zin.
  8268 | D:7      | Found an iron altar of Okawaru.
  8268 | D:7      | Found an ornate altar of the Wu Jian Council.
  8269 | D:7      | Found a hazy altar of Hepliaklqana.
  8272 | D:7      | Found a shadowy altar of Dithmenos.
  8273 | D:7      | Found a blossoming altar of Fedhas.
  8367 | D:7      | Found a sacrificial altar of Ru.
  8400 | D:7      | Found a transporter.
  8417 | D:7      | Found a transporter.
  8419 | D:7      | Noticed Ymberto's ghost (novice NaTm)
  8502 | D:7      | Reached skill level 10 in Spellcasting
  8509 | D:7      | Reached skill level 5 in Transmutations
  8731 | D:6      | Found a deep blue altar of Sif Muna.
  8737 | D:6      | Reached ** piety under Sif Muna
  9270 | D:7      | Found a white marble altar of Elyvilon.
  9440 | D:8      | Found Zufyif's Antique Armour Shop.
  9441 | D:8      | Noticed Harold
  9591 | D:8      | Found a sand-covered staircase.
  9642 | Ossuary  | Entered an ossuary
 10122 | Ossuary  | Reached skill level 11 in Spellcasting
 10174 | Ossuary  | Reached *** piety under Sif Muna
 10631 | D:8      | Noticed Erica
 10654 | D:8      | HP: 1/45 [Erica/bolt of poison (18)]
 10655 | D:8      | Killed Erica
 10655 | D:8      | Reached skill level 12 in Spellcasting
 10655 | D:8      | Reached XP level 10. HP: 1/50 MP: 1/28
 10655 | D:8      | Succumbed to Erica's bolt of poison

Skill      XL: |  1  2  3  4  5  6  7  8  9 |
---------------+----------------------------+-----
Conjurations   | 2 3 4 5 6 |  6.1
Fire Magic     | 4 5 6 7 |  7.0
Spellcasting   | 4 5 6 7 9 12 | 12.6
Hexes          | 4 6 |  6.0
Transmutations | 4 6 |  6.0
Dodging        | |  2.4
Stealth        | |  2.4

Action                   |  1- 3 |  4- 6 |  7- 9 | 10-12 || total
-------------------------+-------+-------+-------+-------++-------
Melee: Unarmed           |    21 |    11 |       |       ||    32
       Quarterstaff      |       |     4 |   218 |       ||   222
 Cast: Flame Tongue      |    67 |   170 |    87 |       ||   324
       Conjure Flame     |       |     5 |     6 |       ||    11
       Sticky Flame      |       |     1 |    31 |       ||    32
       Fireball          |       |       |    24 |       ||    24
Invok: Divine Energy     |       |       |     1 |       ||     1
Evoke: Wand              |       |       |       |     1 ||     1
  Use: Scroll            |       |     4 |     4 |       ||     8
 Stab: Petrifying        |       |       |     1 |       ||     1
       Petrified         |       |       |     1 |       ||     1
       Paralysed         |       |       |     6 |       ||     6
       Sleeping          |       |       |     6 |       ||     6
  Eat: Chunk             |     2 |     7 |    29 |       ||    38
       Ration            |       |     1 |       |       ||     1
Armor: Robe              |    14 |     2 |    70 |       ||    86
       Animal skin       |       |    17 |    28 |       ||    45
Dodge: Dodged            |    30 |    80 |   169 |       ||   279
